 Dungeon Crawl Stone Soup version 0.14.2 (webtiles) character file.

198 KristoblXynda the Charlatan (level 4, -13/42 HPs)
             Began as a Troll Artificer on Sept 28, 2021.
             Mangled by an ogre
             ... wielding a +0,+0 giant club
              (25 damage)
             ... on Level 3 of the Dungeon on Sept 29, 2021.
             The game lasted 00:04:17 (1688 turns).

KristoblXynda the Charlatan (Troll Artificer)       Turns: 1688, Time: 00:04:17

HP -13/42        AC  5     Str 19      XL: 4   Next:  7%
MP   3/3         EV  8     Int 12      God:
Gold 126         SH  0     Dex 10      Spells:  0 memorised,  3 levels left

rFire  . . .     SeeInvis .       - Unarmed
rCold  . . .     Clarity  .     e - +0 robe
rNeg   . . .     Conserve .     (shield restricted)
rPois  .         rCorr    .     (helmet restricted)
rElec  .         rRot     .     (no cloak)
SustAb . .       Spirit   .     (gloves unavailable)
rMut   .         Warding  .     (boots unavailable)
Gourm  +         Stasis   .     k - amulet of faith {unknown}
MR     .....                    n - cursed -2 ring of evasion
                                t - +3 ring of intelligence

@: not resistant to hostile enchantments, unstealthy
A: unfitting armour, claws 3, fast metabolism 3, gourmand, regeneration 2,
saprovore 2, shaggy fur 1, tough skin 2
a: no special abilities


You were on level 3 of the Dungeon.
You were very full.

You visited 1 branch of the dungeon, and saw 3 of its levels.

You collected 126 gold pieces.

Inventory:

Armour
 e - a +0 robe (worn)
Magical devices
 b - a wand of flame (15)
 c - a wand of enslavement (15)
 d - a wand of random effects (15)
Comestibles
 a - 3 meat rations
 p - a choko
Scrolls
 f - a scroll of amnesia {unknown}
 g - a scroll of enchant weapon I {unknown}
 l - a scroll of identify {unknown}
 q - a scroll of fear
 s - a scroll of recharging {unknown}
 w - a scroll of remove curse {unknown}
Jewellery
 k - an amulet of faith (around neck) {unknown}
 n - a cursed -2 ring of evasion (right claw)
 t - a +3 ring of intelligence (left claw)
Potions
 h - a potion of agility {unknown}
 i - a potion of brilliance {unknown}
 j - a potion of flight {unknown}
 m - a potion of resistance {unknown}
 o - 2 potions of curing {unknown}
 r - a potion of lignification {unknown}
 u - a potion of invisibility {unknown}
 v - a potion of heal wounds {unknown}
 x - a potion of restore abilities {unknown}


   Skills:
 + Level 1.9 Fighting
 + Level 1.9 Dodging
 - Level 0.4 Stealth
 + Level 2.1 Unarmed Combat
 + Level 2.7 Evocations


You had 3 spell levels left.
You didn't know any spells.

Dungeon Overview and Level Annotations

Branches:
Dungeon (3/15)

Altars:


Innate Abilities, Weirdness & Mutations

You are too large for most types of armour.
You have claws for hands.
Your metabolism is lightning-fast.
You like to eat raw meat.
You heal very quickly.
You can eat rotten meat.
You are covered in fur (AC +1).
You have very tough skin (AC +2).


Message History

The ogre hits you with a giant club!
* * * LOW HITPOINT WARNING * * *
You are too injured to fight recklessly!
You are too injured to fight recklessly!
You are too injured to fight recklessly!
You are too injured to fight recklessly!
You are too injured to fight recklessly!
You are too injured to fight recklessly!
You are too injured to fight recklessly!
Unknown command.
The ogre is no longer bleeding.
You hit the ogre.
The ogre begins to bleed from its wounds!
The ogre is moderately wounded.
The ogre hits you with a giant club!
* * * LOW HITPOINT WARNING * * *
The ogre is no longer bleeding.
The ogre hits you with a giant club!
Ouch! That really hurt!
You die...

#.# #.# #.# #
########'## #
#############
#..(......# #
............#
#......)..# #
###########.#####
#........<# #
#.....###.........# ###
#####O@.'.........###.'
#####.........##..#
#.........##.##
#.........##.##
#.........##.##
#.........'..##
#.........####
###########


You could see an ogre.

Vanquished Creatures
  2 adders (D:2)
  3 giant geckos
  2 ball pythons (D:1)
  8 goblins
  6 hobgoblins
  4 jackals (D:3)
  8 kobolds
  7 bats
  3 giant cockroaches
  A giant newt (D:2)
  2 quokkas (D:2)
  4 rats (D:1)
50 creatures vanquished.

Notes
Turn   | Place    | Note
--------------------------------------------------------------
     0 | D:1      | KristoblXynda, the Troll Artificer, began the quest for the Orb.
     0 | D:1      | Reached XP level 1. HP: 18/18 MP: 1/1
    69 | D:1      | Reached skill level 1 in Fighting
   110 | D:1      | Reached XP level 2. HP: 27/27 MP: 1/1
   785 | D:2      | Reached XP level 3. HP: 33/33 MP: 3/3
  1563 | D:3      | Reached XP level 4. HP: 40/42 MP: 3/3
  1644 | D:3      | Noticed an ogre
  1688 | D:3      | Mangled by an ogre

Action                   |  1- 3 |  4- 6 || total
-------------------------+-------+-------++-------
Melee: Unarmed           |   129 |    18 ||   147
  Use: Scroll            |     1 |       ||     1
